Map: Acid Plant LE

Players

Marzbar - Winner!

  • Race: Zerg Zerg
  • League: Diamond
  • Spawn Location: 11:00

NoobPwnge

  • Race: Zerg Zerg
  • League: Diamond
  • Spawn Location: 5:00

VOD

Have the link to the VOD?

Description

Time

  • Played on: June 13, 2018, 11:45 p.m.
  • Length: 9:51
Show
View Real Time Build Order
Export as new Build Order

Marzbar Zerg - Winner!

Build Orders: Hatch First, Zergling Baneling 

Get SALT Encoding   

  12  0:01  Drone  
  13  0:12  Overlord  
  13  0:17  Drone  
  14  0:30  Drone x2  
  14  0:34  Drone  
  17  0:53  Hatchery  
  17  0:57  Drone  
  17  1:07  Drone  
  17  1:10  Extractor  
  17  1:16  Spawning Pool  
  16  1:24  Drone  
  16  1:25  Drone  
  18  1:33  Drone  
  18  1:39  Overlord  
  19  2:03  Queen  
  19  2:05  Queen  
  19  2:06  Zergling x4  
  25  2:11  Metabolic Boost  
  25  2:14  Zergling x2  
  27  2:15  Zergling x2  
  27  2:21  Zergling x2  
  27  2:22  Zergling x2  
  29  2:26  Drone  
  30  2:32  Drone  
  31  2:37  Drone  
  31  2:42  Overlord  
  32  2:54  Baneling Nest  
  31  3:01  Drone x3  
  31  3:04  Overlord  
  34  3:18  Drone x6  
  40  3:42  Baneling x3  
  40  3:43  Drone  
  40  3:44  Drone x2  
  43  3:52  Zergling x2  
  43  3:53  Zergling x12  
  48  4:00  Extractor, Roach Warren, Drone x3  
  46  4:17  Baneling x3  
  45  4:30  Zergling x18  
  50  4:40  Roach, Overlord x2  
  51  4:48  Baneling  
  51  4:49  Baneling  
  51  4:50  Hatchery  
  51  4:51  Drone x2  
  52  4:58  Queen  
  52  4:59  Overlord  
  52  5:03  Drone  
  52  5:04  Drone  
  53  5:25  Roach x6  
  65  5:33  Lair  
  65  5:35  Evolution Chamber, Baneling  
  58  5:45  Roach  
  58  5:46  Roach  
  60  6:02  Drone  
  60  6:03  Queen, Drone x11  
  74  6:04  Queen  
  74  6:10  Zerg Missile Weapons Level 1  
  76  6:12  Spine Crawler  
  75  6:23  Zergling x6  
  79  6:31  Spine Crawler x2  
  77  6:33  Glial Reconstitution  
  77  6:35  Roach x3, Extractor  
  77  6:39  Overlord x3  
  82  6:55  Overlord  
  82  6:58  Drone  
  82  6:59  Drone x9  
  92  7:04  Baneling x4  
  92  7:12  Baneling  
  92  7:14  Roach x3  
  98  7:16  Zergling x6  
  97  7:42  Roach x3  
  97  7:43  Roach x4  
  110  8:01  Spine Crawler  
  110  8:02  Spine Crawler  
  110  8:03  Spine Crawler  
  107  8:06  Roach x3  
  107  8:10  Overlord x3  
  107  8:11  Overlord  
  113  8:13  Extractor  
  112  8:22  Extractor x2  
  112  8:27  Overlord x5  
  110  8:32  Hatchery  
  108  8:40  Hatchery, Drone x4  
  105  8:41  Drone  
  105  8:42  Evolution Chamber  
  91  8:57  Roach x2  
  91  8:58  Roach x7  
  107  9:04  Ravager  
  108  9:12  Roach  
  108  9:13  Roach x2, Zergling x6  
Show
View Real Time Build Order
Export as new Build Order

NoobPwnge Zerg 

Build Orders: Hatch First 

Get SALT Encoding   

  12  0:01  Drone  
  13  0:18  Overlord  
  13  0:19  Drone  
  14  0:36  Drone  
  14  0:37  Drone  
  16  0:54  Hatchery  
  16  0:55  Extractor  
  14  1:07  Spawning Pool  
  14  1:10  Drone  
  14  1:14  Drone  
  15  1:19  Drone  
  15  1:22  Drone  
  17  1:32  Drone  
  18  1:45  Overlord  
  18  2:04  Queen  
  20  2:09  Baneling Nest  
  20  2:11  Zergling x4  
  20  2:12  Zergling x2  
  22  2:23  Drone  
  22  2:26  Queen  
  25  2:30  Drone  
  25  2:32  Drone  
  27  2:53  Baneling  
  27  2:54  Baneling  
  27  3:06  Extractor  
  26  3:26  Zergling x6  
  29  3:27  Overlord  
  29  3:29  Queen  
  31  3:36  Metabolic Boost  
  31  3:42  Hatchery  
  30  3:53  Baneling x2  
  30  3:54  Zergling x12  
  30  3:55  Zergling x6  
  36  4:03  Spine Crawler  
  31  4:30  Zergling x8  
  31  4:31  Zergling x4  
  26  4:48  Zergling x4  
  26  4:52  Baneling  
  28  4:58  Drone x2  
  30  5:07  Drone x2  
  33  5:14  Drone  
  33  5:21  Drone x2  
  27  5:32  Zergling x6  
  27  5:33  Zergling x2  
  29  5:46  Drone x3  
  29  5:47  Drone x2  
  34  5:54  Baneling  
  32  6:07  Zergling x8  
  36  6:18  Zergling x8  
  39  6:19  Queen  
  42  6:37  Lair  
  42  6:46  Roach Warren, Drone x4  
  42  6:47  Drone x3  
  47  6:50  Drone  
  47  6:52  Overlord  
  49  7:10  Zergling x6  
  49  7:11  Zergling x10  
  35  7:48  Glial Reconstitution  
  33  7:55  Hydralisk Den  
  33  7:57  Roach  
  33  7:58  Roach x6, Spine Crawler  
  42  8:10  Roach x2  
  46  8:16  Spine Crawler  
  45  8:22  Queen  
  47  8:32  Roach x2  
  43  8:48  Roach x3  
  43  8:49  Roach x3  
  43  8:50  Roach  
  40  9:06  Roach  
  40  9:07  Roach x5  
  36  9:21  Roach x2  
  33  9:31  Roach  
Tags
 
Add a new tag
Caveats
  • Supply blocks, unpowered buildings, or Contaminate may cause inaccurate times.
  • Supply counts are checked every 10 seconds.